 Dungeon Crawl Stone Soup version 0.16-a0-3215-g5dfac0e (webtiles) character file.

65 PolkaDot the Caller (level 3, -2/28 HPs)
             Began as a Vampire Summoner on Dec 20, 2014.
             Slain by a gnoll
             ... wielding a +4 whip
              (4 damage)
             ... on level 2 of the Dungeon.
             The game lasted 00:03:08 (1539 turns).

PolkaDot the Caller (Vampire Summoner)              Turns: 1539, Time: 00:03:08

Health: -2/28      AC:  3    Str:  7    XL:     3   Next: 94%
Magic:  4/6        EV: 12    Int: 18    God:
Gold:   42         SH:  0    Dex: 14    Spells: 2 memorised, 3 levels left

rFire  . . .     SeeInvis +     b - +0 hunting sling (flame)
rCold  . . .     Clarity  .     g - +0 robe
rNeg   . . .     SustAb   .     (no shield)
rPois  .         Gourm    .     (no helmet)
rElec  .         Spirit   .     (no cloak)
rCorr  .         Warding  .     (no gloves)
rMut   .         Stasis   .     d - +0 pair of boots
MR     .....                    (no amulet)
Stlth  ++........               (no ring)
                                (no ring)

@: regenerating very quickly, not resistant to hostile enchantments, unstealthy
A: bottle blood, fangs 3, see invisible, unbreathing
a: no special abilities


You were on level 2 of the Dungeon.
You were almost alive.

You visited 1 branch of the dungeon, and saw 2 of its levels.

You collected 42 gold pieces.

Inventory:

Hand weapons
 a - a +2 dagger of flaming
 b - a +0 hunting sling of flaming (weapon)
Missiles
 j - 22 stones (quivered)
Armour
 d - a +0 pair of boots (worn)
 g - a +0 robe (worn)
Scrolls
 e - 2 scrolls of blinking {unknown}
 h - a scroll of enchant weapon {unknown}
 l - a scroll of recharging {unknown}
 m - a scroll of remove curse {unknown}
Potions
 c - a potion of cure mutation {unknown}
 f - a potion of mutation {unknown}
 k - 3 potions of blood {@*1}
Books
 i - a book of Callings

   Spells                             Type                      Level
   a - Summon Small Mammal            Summoning                    1
   b - Call Imp                       Summoning                    2
   c - Call Canine Familiar           Summoning                    3
   d - Summon Guardian Golem          Hexes/Summoning              4
   e - Summon Lightning Spire         Summoning/Air                4
   f - Summon Ice Beast               Ice/Summoning                4


   Skills:
 * Level 2.5 Fighting
 - Level 2.1 Dodging
 - Level 3.0 Stealth
 - Level 2.0 Spellcasting
 + Level 4.6 Summonings


You had 3 spell levels left.
You knew the following spells:

 Your Spells              Type           Power        Failure   Level  Hunger
s - Call Imp              Summ           ###.....     4%          2    ###....
z - Summon Small Mammal   Summ           ###.         2%          1    #......


Dungeon Overview and Level Annotations

Branches:
Dungeon (2/15)

Altars:


Innate Abilities, Weirdness & Mutations

Your natural rate of healing is extremely fast.
You can bottle blood from corpses.
You have razor-sharp teeth.
You have supernaturally acute eyesight.
You can survive without breathing.


Message History

Press: ? - help, Shift-Dir - straight line, f - gnoll
Aim: a gnoll, wielding an enchanted whip (heavily wounded)
You shoot a stone.
The stone hits the gnoll but does no damage.
The gnoll is heavily wounded.
The gnoll hits you with an enchanted whip!
* * * LOW HITPOINT WARNING * * *
Firing (i - inventory):
j - 23 stones (quivered)
Press: ? - help, Shift-Dir - straight line, f/p - gnoll
Aim: a gnoll, wielding an enchanted whip (heavily wounded)
You shoot a stone. The stone barely misses the gnoll.
The gnoll hits you with an enchanted whip.
* * * LOW HITPOINT WARNING * * *
Casting: Call Imp
Confirm with . or Enter, or press ? or * to list all spells.
A beastly little devil appears in a puff of flame.
The gnoll hits you with an enchanted whip!
* * * LOW HITPOINT WARNING * * *
The gnoll hits you with an enchanted whip.
You die...

# #..#.#.####
#.##..<.......
##.((.......#
......)()....#
#)# ##.# #.#
#(# #..# #.#
#.# . #..# #.#
#g###.# #..#
#.# #.@.#.#
#..## #.#
###5#.# #...##
#.# #.#)#
#..#.. #.#
#.#.# ##..###
#.# #.#.#
#...# #
#.#####.#.#
#.#.# #
#.........#
##.#.# #
#######.###
#..#.# # #.#
#.##.# #


You could see a gnoll and a friendly crimson imp.

Vanquished Creatures
  2 gnolls (D:2)
  An adder (D:2)
  A giant mite (D:2)
  A giant gecko (D:2)
  An ooze (D:2)
  A ball python (D:1)
  4 bats
  4 goblins
  6 hobgoblins
  4 jackals (D:2)
  2 giant newts (D:2)
  A kobold (D:2)
  6 rats
34 creatures vanquished.

Notes
Turn   | Place    | Note
--------------------------------------------------------------
     0 | D:1      | PolkaDot, the Vampire Summoner, began the quest for the Orb.
     0 | D:1      | Reached XP level 1. HP: 13/13 MP: 3/3
   560 | D:1      | Reached skill level 1 in Fighting
   588 | D:1      | Reached XP level 2. HP: 19/21 MP: 4/4
   801 | D:1      | Learned a level 2 spell: Call Imp
  1250 | D:2      | Reached XP level 3. HP: 25/27 MP: 6/6
  1539 | D:2      | Slain by a gnoll

Action                   || total
-------------------------++-------
Melee: Dagger            ||    54
       Unarmed           ||     4
 Fire: Hunting sling     ||    61
 Cast: Summon Small Mamm ||     1
       Call Imp          ||     3
  Use: Potion            ||     3
  Eat: Corpse            ||     9
